 Dungeon Crawl Stone Soup version 0.28-a0-1613-gdaab1c2f9b (webtiles) character file.

Game seed: 18410302133885198684

76 mcsnuffy the Cutter (level 4, -1/23 HPs)
             Began as a Vine Stalker Gladiator on Jan 21, 2022.
             Was an Initiate of Okawaru.
             Killed by divine providence
             ... invoked by an orc priest
              (9 damage)
             ... on level 3 of the Dungeon.
             The game lasted 00:03:20 (1523 turns).

mcsnuffy the Cutter (Vine Stalker Gladiator)        Turns: 1523, Time: 00:03:20

Health: -1/23      AC:  8    Str: 18    XL:     4   Next: 32%
Magic:  0/5        EV: 11    Int:  8    God:    Okawaru [......]
Gold:   83         SH:  0    Dex: 16    Spells: 3/3 levels left

rFire   . . .      SeeInvis .   a - +0 rapier
rCold   . . .      Faith    .   (no shield)
rNeg    . . .      Spirit   +   h - +0 ring mail
rPois   .          Reflect  .   c - +0 helmet
rElec   .          Harm     .   e - +1 cloak
rCorr   .          Rampage  .   (no gloves)
Will    .....                   (no boots)
Stlth   +.........              n - amulet of regeneration
HPRegen 1.67/turn               (no ring)
MPRegen 0.09/turn               (no ring)

@: no status effects
A: fangs 2, regeneration 1, magic shield, antimagic bite, no potion heal 2
a: Renounce Religion


You were on level 3 of the Dungeon.
You worshipped Okawaru.
Okawaru was noncommittal.
You visited 1 branch of the dungeon, and saw 3 of its levels.

You collected 83 gold pieces.


Innate Abilities, Weirdness & Mutations

You have extremely sharp teeth.
Your natural rate of healing is unusually fast.
When hurt, damage is shared between your health and your magic reserves.
Your bite disrupts and absorbs the magic of your enemies.
Potions cannot restore your health.


   Skills:
 + Level 2.8 Fighting
 - Level 4.0 Short Blades
 - Level 1.7 Throwing
 - Level 2.4 Dodging


You had 3 spell levels left.
You didn't know any spells.
Your spell library contained the following spells:

 Spells                   Type           Power      Damage    Failure   Level
 Gell's Gravitas          Tloc           0%         N/A       93%         3
 Ozocubu's Armour         Ice            0%         N/A       93%         3
 Teleport Other           Tloc           0%         N/A       93%         3
 Dispersal                Tloc           0%         N/A       100%        6
 Ozocubu's Refrigeration  Ice            0%         4d5       100%        7
 Summon Small Mammal      Summ           Unusable   N/A       N/A         1
 Call Canine Familiar     Summ           Unusable   N/A       N/A         3
 Summon Guardian Golem    Hex/Summ       Unusable   N/A       N/A         3

Inventory:

Hand Weapons
 a - a +0 rapier (weapon)
Missiles
 d - 3 throwing nets (quivered) {=f}
Armour
 b - a +0 leather armour
 c - a +0 helmet (worn)
 e - a +1 cloak (worn)
 h - a +0 ring mail (worn)
Jewellery
 n - an amulet of regeneration (around neck)
Scrolls
 f - a scroll of noise {unknown}
 i - a scroll of silence {unknown}
 k - a scroll of enchant armour {unknown}
 l - a scroll of brand weapon {unknown}
 m - a scroll of blinking {unknown}
 o - a scroll of identify {unknown}
Potions
 g - a potion of invisibility {unknown}
 j - a potion of brilliance {unknown}

Dungeon Overview and Level Annotations

Branches:
Dungeon (3/15)

Altars:
Okawaru

Annotations:
D:3 Terence

#.......# ..
#.......# ..
#....)..# ..
#.......#
o######.......#
o#....'......<'
.#.####.......#
######o#.#
#.......#
#...@oo#.#
#########
#.######.# #.#
#.# #.######.#
#.......>#
##########


You could see an orc priest and 2 orcs.


Message History

You kill the orc!
Okawaru accepts your kill.
The orc priest looks braver for a moment. x2
You hit the orc priest but do no damage.
You bite the orc priest. You drain its power.
You feel invigorated.
The orc priest is moderately wounded.
The orc priest barely misses you.
You puncture the orc priest!
The orc priest is almost dead.
The orc priest hits you but does no damage.
You hit the orc priest.
You kill the orc priest!
Okawaru accepts your kill.
You have reached level 4!
You feel agile.
You begin to heal more quickly.
You barely miss the orc priest.
You bite the orc priest, but do no damage.
The orc priest hits you with a +0 club.
You hit the orc priest. You bite the orc priest. You drain its power.
The orc priest is heavily wounded.
The orc priest invokes the aid of Beogh against you.
Pain shoots through your body!
* * * LOW HITPOINT WARNING * * *
You hit the orc priest but do no damage.
You bite the orc priest, but do no damage.
The orc priest is heavily wounded.
The orc priest mumbles some strange prayers to Beogh against you.
Beogh smites you!
You die...

Skill      XL: |  1  2  3 |
---------------+----------+-----
Short Blades   | 3 4 |  4.0
Fighting       | 2 |  2.8
Throwing       | |  1.7
Dodging        | |  2.4

Action                   |  1- 3 |  4- 6 || total
-------------------------+-------+-------++-------
Melee: Rapier            |    86 |     3 ||    89
       Bite              |    17 |     3 ||    20
       Punch             |     1 |       ||     1
Armor: Leather armour    |     3 |       ||     3
       Ring mail         |    30 |       ||    30
Dodge: Dodged            |    34 |       ||    34

Levels and vault maps discovered:
D:1:      dpeg_arrival_ratfight, layout_basic,
          hellmonk_ecumenical_altar_inner_sanctum
D:2:      layout_loops_ring, basic_altar
D:3:      layout_basic, nicolae_tso_swordbearing_angel, uniq_terence,
          uniq_crazy_yiuf_cottage, uniq_ijyb

Notes
Turn   | Place    | Note
-------+----------+-------------------------------------------
     0 | D:1      | mcsnuffy the Vine Stalker Gladiator began the quest for the
                  | Orb.
     0 | D:1      | Reached XP level 1. HP: 11/11 MP: 2/2
   105 | D:1      | Reached skill level 3 in Short Blades
   217 | D:1      | Reached XP level 2. HP: 15/15 MP: 3/3
   474 | D:1      | Reached XP level 3. HP: 18/18 MP: 4/4
   721 | D:1      | Found a faded altar of an unknown god.
   818 | D:2      | Reached skill level 4 in Short Blades
   894 | D:2      | You fall into a shaft and drop 1 floor!
   894 | D:3      | Noticed Terence
   895 | D:3      | Noticed an ice beast
  1124 | D:2      | Reached skill level 2 in Fighting
  1164 | D:2      | Found an iron altar of Okawaru.
  1240 | D:2      | Became a worshipper of Warmaster Okawaru
  1521 | D:3      | Gained mutation: Your natural rate of healing is unusually
                  | fast. [Vine Stalker growth]
  1521 | D:3      | Reached XP level 4. HP: 13/23 MP: 5/5
  1523 | D:3      | Killed from afar by an orc priest

Vanquished Creatures
  An orc priest (D:3)
  2 dart slugs (D:1)
  An orc (D:3)
  6 ball pythons
  4 endoplasms
  3 giant cockroaches
  4 goblins
  6 hobgoblins
  2 kobolds
  A quokka (D:1)
  2 bats (D:1)
  7 rats (D:1)
39 creatures vanquished.

Table legend: (Time is in decaauts)
 A = Elapsed time spent in this place.
 B = Non-inter-level travel time spent in this place.
 C = Inter-level travel time spent in this place.
 D = Time resting spent in this place.
 E = Time spent auto-exploring this place.
 F = Levels seen in this place.
 G = Mean time per level.
                   A        B        C        D        E       F      G
               +--------+--------+--------+--------+--------+-----+--------+
         Total |   1525 |   1454 |     71 |      0 |   1124 |   3 |  508.3 |
       Dungeon |   1525 |   1454 |     71 |      0 |   1124 |   3 |  508.3 |
               +--------+--------+--------+--------+--------+-----+--------+

Top non-repeatable levels by time:
     D:1: 815 daAuts
     D:2: 624 daAuts
     D:3: 85 daAuts

Table legend:
 A = Non-vault XP
 B = Vault XP
 C = Vault XP percentage of total XP
 D = Non-vault monster count
 E = Vault monster count
 F = Vault count percentage of total count
                 A         B        C        D         E       F
            +---------+---------+-------+---------+---------+-------
      Total |     104 |       5 |   4.6 |      34 |       5 |  12.8
            +---------+---------+-------+---------+---------+-------
        D:1 |      46 |       5 |   9.8 |      24 |       5 |  17.2
        D:2 |      12 |       0 |   0.0 |       7 |       0 |   0.0
        D:3 |      46 |       0 |   0.0 |       3 |       0 |   0.0
            +---------+---------+-------+---------+---------+-------
